 Dungeon Crawl Stone Soup version 0.16.2-12-gd0ad4c3 (webtiles) character file.

188 Gartch2 the Conjurer (level 5, -2/28 HPs)
             Began as a Deep Elf Conjurer on Nov 8, 2015.
             Killed from afar by Sigmund (4 damage)
             ... with a magic dart
             ... on level 4 of the Dungeon.
             The game lasted 00:36:24 (5436 turns).

Gartch2 the Conjurer (Deep Elf Conjurer)            Turns: 5436, Time: 00:36:24

Health: -2/28      AC:  2    Str:  5    XL:     5   Next: 39%
Magic:  16/16      EV: 13    Int: 21    God:
Gold:   74         SH:  0    Dex: 15    Spells: 3 memorised, 0 levels left

rFire  . . .     SeeInvis .     B - +0 mace
rCold  . . .     Clarity  .     a - +0 robe
rNeg   . . .     SustAb   .     (no shield)
rPois  .         Gourm    .     (no helmet)
rElec  .         Spirit   .     (no cloak)
rCorr  .         Warding  .     (no gloves)
rMut   .         Stasis   .     (no boots)
MR     .....                    (no amulet)
Stlth  ++........               (no ring)
                                (no ring)

@: not resistant to hostile enchantments, unstealthy
A: no striking features
a: no special abilities


You were on level 4 of the Dungeon.
You were near starving.

You visited 1 branch of the dungeon, and saw 4 of its levels.

You collected 74 gold pieces.

Inventory:

Hand weapons
 f - a +0 whip
 j - a +0 hunting sling
 u - a +0 falchion
 A - a +0 hand axe
 B - a +0 mace (weapon)
 D - a +0 shortbow
Missiles
 d - 2 tomahawks (quivered)
 e - 22 arrows
 k - 45 stones
 p - 6 needles of slowing
 t - 6 poisoned needles
 x - 15 sling bullets
Armour
 a - a +0 robe (worn)
 y - a cursed +0 leather armour
Scrolls
 i - 2 scrolls of identify
 l - a scroll of teleportation
 n - a scroll of random uselessness {unknown}
 o - 2 scrolls of immolation {unknown}
 w - a scroll of enchant armour {unknown}
 E - 2 scrolls of remove curse
Potions
 m - a potion of invisibility
 q - a potion of mutation {unknown}
 r - a potion of poison {unknown}
 s - a potion of decay {unknown}
 v - a potion of curing {unknown}
 z - a potion of heal wounds {unknown}
 C - a potion of restore abilities {unknown}
Books
 c - a book of Conjurations

   Spells                             Type                      Level
   a - Magic Dart                     Conjuration                  1
   b - Searing Ray                    Conjuration                  2
   c - Dazzling Spray                 Conjuration/Hexes            3
   d - Fulminant Prism                Conjuration/Hexes            4
   e - Iskenderun's Mystic Blast      Conjuration                  4
   f - Iskenderun's Battlesphere      Conjuration/Charms           5
Comestibles
 b - 3 bread rations
 g - a meat ration


   Skills:
 - Level 2.4 Dodging
 - Level 2.4 Stealth
 - Level 3.0 Spellcasting
 + Level 7.1 Conjurations
 + Level 1.9 Charms


You couldn't memorise any spells.
You knew the following spells:

 Your Spells              Type           Power        Failure   Level  Hunger
a - Magic Dart            Conj           ####         1%          1    None
b - Iskenderun's Mystic   Conj           ####....     10%         4    ####...
c - Iskenderun's Battles  Conj/Chrm      ###.....     67%         5    ######.


Dungeon Overview and Level Annotations

Branches:
Dungeon (4/15)
 Temple: D:4-7

Altars:
Ashenzari
Ru
Xom
Yredelemnul

Annotations:
D:3 Grinder, Natasha
D:4 Menkaure, Robin, Sigmund


Message History

Aim: an adder skeleton The magic dart hits the adder skeleton.
The adder skeleton bites you. Something completely misses you.
Casting: Magic Dart
Confirm with . or Enter, or press ? or * to list all spells.
Aiming: Magic Dart
Press: ? - help, Shift-Dir - straight line, f/p - adder skeleton
Aim: an adder skeleton The magic dart hits the adder skeleton.
You destroy the adder skeleton!
Something hits you!
Deactivating autopickup; reactivate with Ctrl-A.
Something hits you!
* * * LOW HITPOINT WARNING * * *
Found a scroll labeled PEGIMA KAWO.
Sigmund appears from thin air!
Reactivating autopickup.
Sigmund points at you and mumbles some strange words.
The magic dart hits you!
You die...

# ## ###
#..#############
.......#..#..@..@....<#
...........>........###
#####..#?.#.#.....#.#
.......#. #.#.....#.#
%......#. #.#.#...#.#
.....Z.#. #.#.#...#.#
..........#...#<..#.#
..........#.....#.#.#
......###.......#.#.#


You could see Sigmund.

Vanquished Creatures
  A hound (D:4)
  8 adders
  A giant mite (D:1)
  2 worms (D:3)
  An adder skeleton (D:4)
  An ooze (D:2)
  2 orcs (D:3)
  A ball python (D:4)
  10 bats
  6 giant cockroaches
  6 hobgoblins
  2 jackals (D:1)
  3 kobolds
  2 quokkas (D:3)
  A giant gecko (D:1)
  3 giant newts
  5 goblins
  12 rats
67 creatures vanquished.

Notes
Turn   | Place    | Note
--------------------------------------------------------------
     0 | D:1      | Gartch2, the Deep Elf Conjurer, began the quest for the Orb.
     0 | D:1      | Reached XP level 1. HP: 10/10 MP: 5/5
   626 | D:1      | Reached skill level 5 in Conjurations
   626 | D:1      | Reached XP level 2. HP: 15/15 MP: 0/8
  1261 | D:2      | Found a basalt altar of Yredelemnul.
  1268 | D:2      | Reached XP level 3. HP: 19/19 MP: 10/10
  1555 | D:2      | Found a sacrificial altar of Ru.
  2344 | D:2      | Reached skill level 6 in Conjurations
  2518 | D:3      | Reached XP level 4. HP: 24/24 MP: 9/13
  2552 | D:3      | Learned a level 4 spell: Iskenderun's Mystic Blast
  2849 | D:3      | Found a glowing drain.
  3428 | D:3      | Noticed Natasha
  3793 | D:3      | Found a shattered altar of Ashenzari.
  3958 | D:3      | Reached XP level 5. HP: 24/28 MP: 12/16
  4002 | D:3      | Learned a level 5 spell: Iskenderun's Battlesphere
  4089 | D:3      | Reached skill level 7 in Conjurations
  4310 | D:3      | Noticed Grinder
  4390 | D:4      | Reached skill level 1 in Charms
  4400 | D:4      | Noticed Sigmund
  4675 | D:4      | Noticed Robin
  4975 | D:4      | Found a shimmering altar of Xom.
  5009 | D:4      | Noticed Menkaure
  5426 | D:4      | HP: 1/28 [something (10)]
  5436 | D:4      | Killed from afar by Sigmund

Action                   |  1- 3 |  4- 6 || total
-------------------------+-------+-------++-------
Melee: Whip              |    24 |    14 ||    38
       Falchion          |       |    26 ||    26
       Mace              |       |    21 ||    21
 Cast: Magic Dart        |    52 |    71 ||   123
  Use: Scroll            |       |     3 ||     3
 Stab: Sleeping          |     5 |     1 ||     6
  Eat: Chunk             |     5 |     7 ||    12
